San Jose Sharks vs Montreal Canadiens

Created - Saturday, February 21, 2026 at 07:51

Goals
1 2 3 T
San Jose Sharks 1 1 3 5
Montreal Canadiens 1 3 3 7
Shots
1 2 3 T
San Jose Sharks 4 10 17 31
Montreal Canadiens 6 23 9 38

1st period

1. San Jose Sharks , Alexander Wennberg 14 (Mattias Janmark 7) at 3:23 (PP)
2. Montreal Canadiens , Macklin Celebrini 11 (Brady Skjei 7, Stuart Skinner) at 4:48 (PP)

Penalties :
Drew O'Connor (MTL) for Cross-checking (Minor) at 2:50, Marcus Pettersson (SJS) for Tripping (Minor) at 4:30, Patrik Laine (MTL) for Delaying the game (Minor) at 10:08, Connor Murphy (SJS) for Interference (Minor) at 13:41, Mattias Samuelsson (SJS) for Tripping (Minor) at 17:02, Jake Middleton (SJS) for Tripping (Minor) at 17:18

2nd period

3. Montreal Canadiens , Juraj Slafkovsky 5 (Martin Necas 11) at 1:20 (PP)
4. Montreal Canadiens , Ryan Poehling 3 (Adam Fox 2, Macklin Celebrini 17) at 3:12
5. San Jose Sharks , Max Domi 6 (Peyton Krebs 7, Jake Middleton 6) at 9:45
6. Montreal Canadiens , Brad Marchand 12 (Matt Duchene 9) at 10:37

Penalties :
Connor Murphy (SJS) for Hooking (Minor) at 1:18, Brad Marchand (MTL) for Tripping (Minor) at 7:20, Oliver Ekman-Larsson (SJS) for Hooking (Minor) at 14:53

3rd period

7. San Jose Sharks , Connor Murphy 5 (Alexander Wennberg 16) at 10:31 (PP)
8. Montreal Canadiens , Martin Necas 10 (Macklin Celebrini 18) at 10:37
9. San Jose Sharks , Adam Henrique 5 (Owen Tippett 15) at 13:34
10. San Jose Sharks , Andrew Copp 4 (Peyton Krebs 8, Max Domi 5) at 15:38
11. Montreal Canadiens , Teddy Blueger 1 (Patrik Laine 3, Evgeni Dadonov 1) at 18:39
12. Montreal Canadiens , Drew O'Connor 2 (Brady Skjei 8, Ryan Poehling 4) at 19:54 (Empty Net)

Penalties :
Marcus Pettersson (SJS) for Elbowing (Minor) at 5:59, Brad Marchand (MTL) for Holding (Minor) at 9:57, Connor Murphy (SJS) for Roughing (Minor) at 12:55, Brady Skjei (MTL) for Tripping (Minor) at 13:24

Goalie Stats

Adin Hill (SJS), 31 saves from 37 shots - (0.838), L, 13-7-1, 58:49 minutes
Stuart Skinner (MTL), 26 saves from 31 shots - (0.839), W, 5-10-1, 60:00 minutes

Players Stats for San Jose Sharks

Player Name              G  A  P  +/- PIM S  H  SB GA TA FO     MP     PP MP  PK MP  
------------------------------------------------------------------------------------
Adam Henrique            1  0  1  -4  0   2  0  1  0  0  15/32  21:20   2:35   5:02 
Alexander Wennberg       1  1  2   0  0   1  1  0  0  0  2/7    18:33   2:51   2:52 
Andrew Copp              1  0  1   2  0   2  1  0  0  0  6/12   12:01   0:00   0:10 
Anthony Beauvillier      0  0  0   0  0   3  0  0  1  0  0/0     6:54   0:00   0:00 
Connor Murphy            1  0  1  -3  6   6  3  1  0  0  0/0    23:06   2:54   2:14 
Ilya Mikheyev            0  0  0   0  0   0  0  0  0  0  1/1     9:39   2:38   0:00 
Jake Middleton           0  1  1   1  2   2  3  2  0  2  0/0    21:51   2:32   4:29 
Joel Edmundson           0  0  0  -2  0   0  2  2  0  1  0/0    25:44   3:02   3:54 
Luke Glendening          0  0  0   0  0   0  1  0  1  0  4/6     6:54   0:00   0:00 
Marcus Pettersson        0  0  0   1  4   1  2  0  0  1  0/0    21:47   2:32   4:11 
Mattias Janmark          0  1  1   0  0   2  2  0  1  0  0/2    15:02   2:38   0:06 
Mattias Samuelsson       0  0  0   0  2   0  0  1  0  1  0/0    14:29   0:29   1:01 
Max Domi                 1  1  2   2  0   5  1  0  0  1  0/0    11:48   0:00   0:00 
Morgan Frost             0  0  0   0  0   3  1  0  0  0  4/12   12:17   0:08   0:00 
Morgan Geekie            0  0  0  -5  0   3  0  2  2  1  1/1    19:56   2:56   3:49 
Oliver Ekman-Larsson     0  0  0  -1  2   0  0  0  0  0  0/0    13:53   0:00   2:14 
Owen Tippett             0  1  1  -4  0   0  2  2  3  0  0/1    20:36   2:35   4:18 
Peyton Krebs             0  2  2   2  0   1  1  0  0  1  0/0    11:48   0:00   0:00 

Players Stats for Montreal Canadiens

Player Name              G  A  P  +/- PIM S  H  SB GA TA FO     MP     PP MP  PK MP  
------------------------------------------------------------------------------------
Adam Fox                 0  1  1   1  0   0  1  1  0  1  0/0    17:48   5:19   0:50 
Arttu Hyry               0  0  0   0  0   2  2  1  0  1  0/0     7:06   0:00   0:00 
Brad Marchand            1  0  1   0  4   4  0  0  1  1  0/1    18:11   3:39   1:30 
Brady Skjei              0  2  2   3  2   3  1  5  0  2  0/0    25:23   3:41   2:38 
Damon Severson           0  0  0   2  0   1  4  0  0  0  0/0    20:22   3:42   1:54 
Drew O'Connor            1  0  1   1  2   5  2  0  2  0  0/0    10:31   0:00   2:30 
Evgeni Dadonov           0  1  1   1  0   1  1  0  0  0  0/0    11:49   0:15   0:21 
Josh Manson              0  0  0  -2  0   0  2  2  0  0  0/0    15:51   0:00   2:50 
Juraj Slafkovsky         1  0  1   0  0   5  1  0  1  1  3/4    16:57   5:15   0:00 
Justin Hryckowian        0  0  0   0  0   1  0  0  0  0  3/4     6:59   0:00   0:00 
Lane Hutson              0  0  0  -3  0   1  0  1  0  0  0/0    18:36   5:19   0:29 
Macklin Celebrini        1  2  3   0  0   4  1  2  2  0  13/27  18:44   3:46   1:13 
Martin Necas             1  1  2   0  0   2  1  0  1  1  5/6    18:26   5:15   0:00 
Matt Duchene             0  1  1   0  0   3  2  0  0  0  11/20  16:43   3:46   0:00 
Owen Power               0  0  0   3  0   2  0  3  0  0  0/0    21:44   0:00   2:27 
Patrik Laine             0  1  1   1  2   1  0  1  0  0  0/1    11:21   0:00   0:00 
Ryan Poehling            1  1  2   2  0   2  1  1  0  1  0/1    21:21   5:07   2:52 
Teddy Blueger            1  0  1   2  0   1  0  0  1  0  6/10   14:59   0:00   2:42 

3 Stars

1 - Macklin Celebrini (MTL)
2 - Ryan Poehling (MTL)
3 - Brady Skjei (MTL)

Power Play

San Jose Sharks - 2 on 5 Attempt(s) - 40.00%
Montreal Canadiens - 2 on 8 Attempt(s) - 25.00%

Penalty Kill

San Jose Sharks - 6 on 8 Attempt(s) - 75.00% - Score 0 goal in Penalty Kill
Montreal Canadiens - 3 on 5 Attempt(s) - 60.00% - Score 0 goal in Penalty Kill

Team Stat

San Jose Sharks - Hits : 20 - Faceoff Wins : 33 - Blocked Shots : 11 - Penalty Minutes : 16
Montreal Canadiens - Hits : 19 - Faceoff Wins : 41 - Blocked Shots : 17 - Penalty Minutes : 10

Official

Referees : Tj Luxmore and Brian Pochmara
Linesman : Travis Gawryletz and Tyson Baker

Game Notes

Drew O'Connor has scored in a empty net!

Finance

Level 1 -- Attendance: 5662 (94.37%) -- Ticket Income $526,566
Level 2 -- Attendance: 4946 (98.92%) -- Ticket Income $262,138
Level 3 -- Attendance: 3000 (100.00%) -- Ticket Income $96,000
Level 4 -- Attendance: 4543 (90.86%) -- Ticket Income $99,946
Luxury Box -- Attendance: 709 (70.90%) -- Ticket Income $138,255
Game was played at the Bell Centre.
Total Attendance: 18860 (94.30%)
Total Ticket Income: $1,122,905
Other Income: $393,017
Total Income: $1,515,922

San Jose Sharks

5 vs 5 Forward 
   Center                   Left Wing                Right Wing               Time % Phy DF OF 
 1 Adam Henrique            Owen Tippett             Morgan Geekie            30     1   2  2  
 2 Morgan Frost             Alexander Wennberg       Mattias Janmark          30     1   2  2  
 3 Andrew Copp              Peyton Krebs             Max Domi                 25     1   2  2  
 4 Luke Glendening          Anthony Beauvillier      Ilya Mikheyev            15     1   2  2  

5 vs 5 Defense 
   Defense                  Defense                                           Time % Phy DF OF 
 1 Joel Edmundson           Connor Murphy                                     30     1   2  2  
 2 Jake Middleton           Marcus Pettersson                                 30     1   2  2  
 3 Mattias Samuelsson       Oliver Ekman-Larsson                              25     1   2  2  
 4 Joel Edmundson           Connor Murphy                                     15     1   2  2  

PowerPlay Forward 
   Center                   Left Wing                Right Wing               Time % Phy DF OF 
 1 Adam Henrique            Owen Tippett             Morgan Geekie            50     1   2  2  
 2 Alexander Wennberg       Ilya Mikheyev            Mattias Janmark          50     1   2  2  

PowerPlay Defense
   Defense                  Defense                                           Time % Phy DF OF 
 1 Joel Edmundson           Connor Murphy                                     50     1   2  2  
 2 Jake Middleton           Marcus Pettersson                                 50     1   2  2  

Penalty Kill 4 Players Forward 
   Center                   Wing                     Time % Phy DF OF 
 1 Adam Henrique            Owen Tippett             50     1   2  2  
 2 Alexander Wennberg       Morgan Geekie            50     1   2  2  

Penalty Kill 4 Players Defense
   Defense                  Defense                  Time % Phy DF OF 
 1 Joel Edmundson           Connor Murphy            50     1   2  2  
 2 Jake Middleton           Marcus Pettersson        50     1   2  2  

Penalty Kill - 3 Players Forward 
   Forward                                           Time % Phy DF OF 
 1 Adam Henrique                                     50     1   2  2  
 2 Morgan Geekie                                     50     1   2  2  

Penalty Kill - 3 Players Defense
   Defense                  Defense                  Time % Phy DF OF 
 1 Joel Edmundson           Connor Murphy            50     1   2  2  
 2 Jake Middleton           Marcus Pettersson        50     1   2  2  

4 vs 4 Forward 
   Center                   Wing                     Time % Phy DF OF 
 1 Adam Henrique            Owen Tippett             50     1   2  2  
 2 Alexander Wennberg       Morgan Geekie            50     1   2  2  

4 vs 4 Defense
   Defense                  Defense                  Time % Phy DF OF 
 1 Joel Edmundson           Connor Murphy            50     1   2  2  
 2 Jake Middleton           Marcus Pettersson        50     1   2  2  

Last Minutes Offensive
   Center                   Left Wing                Right Wing               Defense                  Defense                  
   Morgan Geekie            Owen Tippett             Adam Henrique            Joel Edmundson           Connor Murphy            

Last Minutes Defensive
   Center                   Left Wing                Right Wing               Defense                  Defense                  
   Morgan Geekie            Owen Tippett             Adam Henrique            Joel Edmundson           Connor Murphy            

Goaltenders
Starting : Adin Hill                
Backup : Jakub Dobes              

Extra Forwards
Normal : Morgan Geekie, Max Domi, Owen Tippett - PP : Morgan Frost, Max Domi - PK : Andrew Copp
Extra Defensemen
Normal : Mattias Samuelsson, Oliver Ekman-Larsson, Jake Middleton - PP : Mattias Samuelsson - PK : Oliver Ekman-Larsson, Jake Middleton
Penalty Shots
Morgan Geekie, Owen Tippett, Alexander Wennberg, Adam Henrique, Morgan Frost

Scratches
Travis Boyd (Healthy), Zach Whitecloud (Healthy), Andre Burakovsky (Healthy)

Montreal Canadiens

5 vs 5 Forward 
   Center                   Left Wing                Right Wing               Time % Phy DF OF 
 1 Macklin Celebrini        Ryan Poehling            Martin Necas             30     0   1  4  
 2 Matt Duchene             Brad Marchand            Juraj Slafkovsky         30     0   1  4  
 3 Teddy Blueger            Patrik Laine             Evgeni Dadonov           25     0   2  3  
 4 Justin Hryckowian        Drew O'Connor            Arttu Hyry               15     0   4  1  

5 vs 5 Defense 
   Defense                  Defense                                           Time % Phy DF OF 
 1 Josh Manson              Lane Hutson                                       30     1   2  2  
 2 Brady Skjei              Damon Severson                                    30     1   2  2  
 3 Adam Fox                 Owen Power                                        25     1   2  2  
 4 Brady Skjei              Owen Power                                        15     1   3  1  

PowerPlay Forward 
   Center                   Left Wing                Right Wing               Time % Phy DF OF 
 1 Macklin Celebrini        Matt Duchene             Brad Marchand            50     0   0  5  
 2 Martin Necas             Ryan Poehling            Juraj Slafkovsky         50     0   0  5  

PowerPlay Defense
   Defense                  Defense                                           Time % Phy DF OF 
 1 Adam Fox                 Lane Hutson                                       50     0   0  5  
 2 Brady Skjei              Damon Severson                                    50     0   0  5  

Penalty Kill 4 Players Forward 
   Center                   Wing                     Time % Phy DF OF 
 1 Ryan Poehling            Brad Marchand            50     0   5  0  
 2 Teddy Blueger            Drew O'Connor            50     0   5  0  

Penalty Kill 4 Players Defense
   Defense                  Defense                  Time % Phy DF OF 
 1 Josh Manson              Brady Skjei              50     0   5  0  
 2 Owen Power               Damon Severson           50     0   5  0  

Penalty Kill - 3 Players Forward 
   Forward                                           Time % Phy DF OF 
 1 Teddy Blueger                                     50     0   5  0  
 2 Ryan Poehling                                     50     0   5  0  

Penalty Kill - 3 Players Defense
   Defense                  Defense                  Time % Phy DF OF 
 1 Josh Manson              Brady Skjei              50     0   5  0  
 2 Owen Power               Damon Severson           50     0   5  0  

4 vs 4 Forward 
   Center                   Wing                     Time % Phy DF OF 
 1 Macklin Celebrini        Martin Necas             50     1   2  2  
 2 Matt Duchene             Brad Marchand            50     1   2  2  

4 vs 4 Defense
   Defense                  Defense                  Time % Phy DF OF 
 1 Lane Hutson              Adam Fox                 50     1   2  2  
 2 Brady Skjei              Damon Severson           50     1   2  2  

Last Minutes Offensive
   Center                   Left Wing                Right Wing               Defense                  Defense                  
   Macklin Celebrini        Matt Duchene             Brad Marchand            Lane Hutson              Adam Fox                 

Last Minutes Defensive
   Center                   Left Wing                Right Wing               Defense                  Defense                  
   Teddy Blueger            Ryan Poehling            Drew O'Connor            Brady Skjei              Owen Power               

Goaltenders
Starting : Stuart Skinner           
Backup : Lukas Dostal             

Extra Forwards
Normal : Macklin Celebrini, Brad Marchand, Ryan Poehling - PP : Macklin Celebrini, Brad Marchand - PK : Macklin Celebrini
Extra Defensemen
Normal : Brady Skjei, Owen Power, Damon Severson - PP : Lane Hutson - PK : Brady Skjei, Owen Power
Penalty Shots
Brad Marchand, Teddy Blueger, Ryan Poehling, Macklin Celebrini, Arttu Hyry

Scratches
Pyotr Kochetkov (Healthy)

% Time on Ice - San Jose Sharks

Lines # - Real PCT - Wanted PCT - Time Play
Normal Forward
1 - 28% - 30% - 12:02
2 - 28% - 30% - 12:15
3 - 27% - 25% - 11:48
4 - 16% - 15% - 6:54
Normal Defense
1 - 32% - 30% - 13:34
2 - 31% - 30% - 13:25
3 - 27% - 25% - 11:26
4 - 11% - 15% - 4:34
PP Forward
1 - 46% - 50% - 2:35
2 - 54% - 50% - 2:59
PP Defense
1 - 54% - 50% - 3:02
2 - 46% - 50% - 2:32
PK Forward
1 - 59% - 50% - 4:20
2 - 41% - 50% - 2:58
PK Defense
1 - 42% - 50% - 3:03
2 - 58% - 50% - 4:15
PK3 Forward
1 - 45% - 50% - 0:46
2 - 55% - 50% - 0:57
PK3 Defense
1 - 50% - 50% - 0:51
2 - 50% - 50% - 0:52
44 Forward
1 - 50% - 50% - 0:45
2 - 50% - 50% - 0:45
44 Defense
1 - 44% - 50% - 0:40
2 - 56% - 50% - 0:50
Last Minute Offensive  - 0:56
Last Minute Defensive  - 0:00
Total
Forward - 60:00
Defense - 60:00

% Time on Ice - Montreal Canadiens

Lines # - Real PCT - Wanted PCT - Time Play
Normal Forward
1 - 29% - 30% - 12:19
2 - 29% - 30% - 12:28
3 - 26% - 25% - 11:14
4 - 16% - 15% - 6:59
Normal Defense
1 - 31% - 30% - 13:30
2 - 31% - 30% - 13:23
3 - 25% - 25% - 10:56
4 - 12% - 15% - 5:11
PP Forward
1 - 42% - 50% - 3:46
2 - 58% - 50% - 5:15
PP Defense
1 - 59% - 50% - 5:19
2 - 41% - 50% - 3:42
PK Forward
1 - 51% - 50% - 2:52
2 - 49% - 50% - 2:42
PK Defense
1 - 61% - 50% - 3:25
2 - 39% - 50% - 2:09
PK3 Forward
1 - 0% - 50%
2 - 0% - 50%
PK3 Defense
1 - 0% - 50%
2 - 0% - 50%
44 Forward
1 - 50% - 50% - 0:45
2 - 50% - 50% - 0:45
44 Defense
1 - 16% - 50% - 0:14
2 - 84% - 50% - 1:16
Last Minute Offensive  - 0:00
Last Minute Defensive  - 0:55
Total
Forward - 60:00
Defense - 60:00

Play-by-Play

1st period


0:01 of 1st period - Adam Henrique wins face-off versus Macklin Celebrini in neutral zone.
0:36 of 1st period - Snap shot by Mattias Janmark.
0:36 of 1st period - Stopped by Stuart Skinner with a rebound.
1:08 of 1st period - Icing by Patrik Laine.
1:09 of 1st period - Luke Glendening wins face-off versus Teddy Blueger in Montreal Canadiens zone.
1:20 of 1st period - Snap shot by Ilya Mikheyev.
1:20 of 1st period - Shot Blocked by Josh Manson.
1:40 of 1st period - Oliver Ekman-Larsson is hit by Josh Manson and loses puck.
2:16 of 1st period - Wrist shot by Andrew Copp.
2:16 of 1st period - Stopped by Stuart Skinner without a rebound.
2:17 of 1st period - Macklin Celebrini wins face-off versus Andrew Copp in Montreal Canadiens zone.
2:17 of 1st period - Macklin Celebrini is hit by Peyton Krebs.
2:35 of 1st period - Wrist shot by Max Domi.
2:35 of 1st period - Shot Blocked by Brady Skjei.
2:47 of 1st period - Snap shot by Max Domi.
2:47 of 1st period - Deflect By Andrew Copp.
2:47 of 1st period - Shot Blocked by Macklin Celebrini.
2:47 of 1st period - Puck is out of play.
2:48 of 1st period - Justin Hryckowian wins face-off versus Morgan Frost in Montreal Canadiens zone.
2:50 of 1st period - Minor Penalty to Drew O'Connor for Cross-checking.
2:51 of 1st period - Adam Henrique wins face-off versus Ryan Poehling in Montreal Canadiens zone.
3:23 of 1st period - Slapshot by Alexander Wennberg.
3:23 of 1st period - Goal by Alexander Wennberg - San Jose Sharks : 1 - Montreal Canadiens : 0.
3:24 of 1st period - Matt Duchene wins face-off versus Morgan Frost in neutral zone.
3:26 of 1st period - Off-side.
3:27 of 1st period - Morgan Frost wins face-off versus Matt Duchene in neutral zone.
4:30 of 1st period - Minor Penalty to Marcus Pettersson for Tripping.
4:31 of 1st period - Adam Henrique wins face-off versus Macklin Celebrini in San Jose Sharks zone.
4:40 of 1st period - Wrist shot by Macklin Celebrini.
4:40 of 1st period - Stopped by Adin Hill with a rebound.
4:42 of 1st period - Slapshot by Brady Skjei.
4:42 of 1st period - Stopped by Adin Hill with a rebound.
4:44 of 1st period - Snap shot by Brady Skjei.
4:44 of 1st period - Shot Misses the Net.
4:46 of 1st period - Slapshot by Brady Skjei.
4:46 of 1st period - Shot Misses the Net.
4:48 of 1st period - Snap shot by Macklin Celebrini.
4:48 of 1st period - Goal by Macklin Celebrini - San Jose Sharks : 1 - Montreal Canadiens : 1.
4:49 of 1st period - Adam Henrique wins face-off versus Matt Duchene in neutral zone.
5:41 of 1st period - Wrist shot by Justin Hryckowian.
5:41 of 1st period - Stopped by Adin Hill without a rebound.
5:42 of 1st period - Justin Hryckowian wins face-off versus Luke Glendening in San Jose Sharks zone.
5:53 of 1st period - Snap shot by Ilya Mikheyev.
5:53 of 1st period - Shot Blocked by Brady Skjei.
6:07 of 1st period - Alexander Wennberg is hit by Damon Severson and loses puck.
6:39 of 1st period - Slapshot by Macklin Celebrini.
6:39 of 1st period - Shot Misses the Net.
7:08 of 1st period - Slapshot by Max Domi.
7:08 of 1st period - Stopped by Stuart Skinner with a rebound.
7:10 of 1st period - Slapshot by Andrew Copp.
7:10 of 1st period - Shot Blocked by Owen Power.
8:15 of 1st period - Drew O'Connor is hit by Connor Murphy and loses puck.
8:51 of 1st period - Matt Duchene is hit by Jake Middleton and loses puck.
9:01 of 1st period - Icing by Matt Duchene.
9:02 of 1st period - Luke Glendening wins face-off versus Matt Duchene in Montreal Canadiens zone.
9:07 of 1st period - Snap shot by Anthony Beauvillier.
9:07 of 1st period - Shot Blocked by Brady Skjei.
9:33 of 1st period - Oliver Ekman-Larsson is hit by Ryan Poehling and loses puck.
9:54 of 1st period - Snap shot by Alexander Wennberg.
9:54 of 1st period - Shot Misses the Net.
10:00 of 1st period - Snap shot by Morgan Frost.
10:00 of 1st period - Shot Misses the Net.
10:08 of 1st period - Minor Penalty to Patrik Laine for Delaying the game.
10:09 of 1st period - Teddy Blueger wins face-off versus Alexander Wennberg in Montreal Canadiens zone.
12:08 of 1st period - Penalty to Patrik Laine is over, Patrik Laine is back on ice.
12:21 of 1st period - Brad Marchand is hit by Andrew Copp and loses puck.
12:36 of 1st period - Mattias Samuelsson is hit by Josh Manson and loses puck.
13:01 of 1st period - Alexander Wennberg is hit by Arttu Hyry and loses puck.
13:41 of 1st period - Minor Penalty to Connor Murphy for Interference.
13:42 of 1st period - Macklin Celebrini wins face-off versus Adam Henrique in San Jose Sharks zone.
13:45 of 1st period - Snap shot by Macklin Celebrini.
13:45 of 1st period - Shot Blocked by Adam Henrique.
15:27 of 1st period - Mattias Samuelsson is hit by Martin Necas and loses puck.
15:41 of 1st period - Penalty to Connor Murphy is over, Connor Murphy is back on ice.
15:52 of 1st period - Snap shot by Patrik Laine.
15:52 of 1st period - Shot Misses the Net.
15:54 of 1st period - Slapshot by Owen Power.
15:54 of 1st period - Stopped by Adin Hill without a rebound.
15:55 of 1st period - Teddy Blueger wins face-off versus Andrew Copp in San Jose Sharks zone.
16:16 of 1st period - Brady Skjei is hit by Jake Middleton and loses puck.
16:27 of 1st period - Wrist shot by Drew O'Connor.
16:27 of 1st period - Shot Misses the Net.
16:33 of 1st period - Owen Power is hit by Jake Middleton and loses puck.
17:02 of 1st period - Minor Penalty to Mattias Samuelsson for Tripping.
17:03 of 1st period - Martin Necas wins face-off versus Adam Henrique in San Jose Sharks zone.
17:12 of 1st period - Wrist shot by Juraj Slafkovsky.
17:12 of 1st period - Stopped by Adin Hill without a rebound.
17:13 of 1st period - Juraj Slafkovsky wins face-off versus Adam Henrique in San Jose Sharks zone.
17:16 of 1st period - Snap shot by Martin Necas.
17:16 of 1st period - Shot Misses the Net.
17:18 of 1st period - Minor Penalty to Jake Middleton for Tripping.
17:19 of 1st period - Martin Necas wins face-off versus Adam Henrique in San Jose Sharks zone.
17:33 of 1st period - Off-side.
17:34 of 1st period - Morgan Geekie wins face-off versus Macklin Celebrini in neutral zone.
18:01 of 1st period - Morgan Geekie is hit by Damon Severson and loses puck.
19:02 of 1st period - Penalty to Mattias Samuelsson is over, Mattias Samuelsson is back on ice.
19:16 of 1st period - Marcus Pettersson is hit by Matt Duchene and loses puck.
19:18 of 1st period - Penalty to Jake Middleton is over, Jake Middleton is back on ice.
19:27 of 1st period - Mattias Janmark is hit by Damon Severson and loses puck.
Goals for this period are 1 for San Jose Sharks vs 1 for Montreal Canadiens.
Shots for this period are 4 for San Jose Sharks vs 6 for Montreal Canadiens.

2nd period


0:01 of 2nd period - Matt Duchene wins face-off versus Adam Henrique in neutral zone.
0:08 of 2nd period - Snap shot by Matt Duchene.
0:08 of 2nd period - Stopped by Adin Hill without a rebound.
0:09 of 2nd period - Matt Duchene wins face-off versus Adam Henrique in San Jose Sharks zone.
0:14 of 2nd period - Snap shot by Matt Duchene.
0:14 of 2nd period - Shot Blocked by Morgan Geekie.
0:16 of 2nd period - Slapshot by Brady Skjei.
0:16 of 2nd period - Shot Misses the Net.
0:18 of 2nd period - Slapshot by Matt Duchene.
0:18 of 2nd period - Stopped by Adin Hill without a rebound.
0:19 of 2nd period - Adam Henrique wins face-off versus Macklin Celebrini in San Jose Sharks zone.
0:24 of 2nd period - Brady Skjei is hit by Connor Murphy and loses puck.
0:44 of 2nd period - Adam Henrique is hit by Damon Severson and loses puck.
1:15 of 2nd period - Snap shot by Brad Marchand.
1:15 of 2nd period - Deflect By Matt Duchene.
1:15 of 2nd period - Shot Blocked by Owen Tippett.
1:15 of 2nd period - Puck is out of play.
1:16 of 2nd period - Martin Necas wins face-off versus Mattias Janmark in San Jose Sharks zone.
1:18 of 2nd period - Minor Penalty to Connor Murphy for Hooking.
1:19 of 2nd period - Martin Necas wins face-off versus Alexander Wennberg in San Jose Sharks zone.
1:20 of 2nd period - Snap shot by Juraj Slafkovsky.
1:20 of 2nd period - Goal by Juraj Slafkovsky - San Jose Sharks : 1 - Montreal Canadiens : 2.
1:21 of 2nd period - Morgan Frost wins face-off versus Macklin Celebrini in neutral zone.
1:28 of 2nd period - Snap shot by Alexander Wennberg.
1:28 of 2nd period - Shot Misses the Net.
1:30 of 2nd period - Slapshot by Mattias Janmark.
1:30 of 2nd period - Shot Misses the Net.
1:32 of 2nd period - Slapshot by Connor Murphy.
1:32 of 2nd period - Stopped by Stuart Skinner with a rebound.
1:34 of 2nd period - Slapshot by Alexander Wennberg.
1:34 of 2nd period - Shot Misses the Net.
1:36 of 2nd period - Slapshot by Connor Murphy.
1:36 of 2nd period - Stopped by Stuart Skinner without a rebound.
1:37 of 2nd period - Matt Duchene wins face-off versus Adam Henrique in Montreal Canadiens zone.
1:37 of 2nd period - Matt Duchene is hit by Joel Edmundson.
2:13 of 2nd period - Icing by Martin Necas.
2:14 of 2nd period - Macklin Celebrini wins face-off versus Morgan Frost in Montreal Canadiens zone.
2:14 of 2nd period - Macklin Celebrini is hit by Morgan Frost.
2:42 of 2nd period - Snap shot by Macklin Celebrini.
2:42 of 2nd period - Deflect By Martin Necas.
2:42 of 2nd period - Shot Misses the Net.
2:42 of 2nd period - Puck is out of play.
2:43 of 2nd period - Andrew Copp wins face-off versus Juraj Slafkovsky in San Jose Sharks zone.
2:56 of 2nd period - Slapshot by Matt Duchene.
2:56 of 2nd period - Shot Blocked by Joel Edmundson.
2:58 of 2nd period - Snap shot by Juraj Slafkovsky.
2:58 of 2nd period - Stopped by Adin Hill without a rebound.
2:59 of 2nd period - Macklin Celebrini wins face-off versus Adam Henrique in San Jose Sharks zone.
3:02 of 2nd period - Snap shot by Martin Necas.
3:02 of 2nd period - Shot Misses the Net.
3:04 of 2nd period - Slapshot by Macklin Celebrini.
3:04 of 2nd period - Shot Misses the Net.
3:06 of 2nd period - Wrist shot by Martin Necas.
3:06 of 2nd period - Shot Blocked by Connor Murphy.
3:08 of 2nd period - Snap shot by Macklin Celebrini.
3:08 of 2nd period - Stopped by Adin Hill with a rebound.
3:10 of 2nd period - Slapshot by Adam Fox.
3:10 of 2nd period - Shot Misses the Net.
3:12 of 2nd period - Snap shot by Ryan Poehling.
3:12 of 2nd period - Goal by Ryan Poehling - San Jose Sharks : 1 - Montreal Canadiens : 3.
3:13 of 2nd period - Matt Duchene wins face-off versus Morgan Frost in neutral zone.
3:20 of 2nd period - Backhand shot by Juraj Slafkovsky.
3:20 of 2nd period - Stopped by Adin Hill without a rebound.
3:21 of 2nd period - Matt Duchene wins face-off versus Mattias Janmark in San Jose Sharks zone.
3:22 of 2nd period - Wrist shot by Brad Marchand.
3:22 of 2nd period - Stopped by Adin Hill with a rebound.
3:24 of 2nd period - Slapshot by Damon Severson.
3:24 of 2nd period - Stopped by Adin Hill with a rebound.
3:26 of 2nd period - Slapshot by Brady Skjei.
3:26 of 2nd period - Stopped by Adin Hill without a rebound.
3:27 of 2nd period - Matt Duchene wins face-off versus Andrew Copp in San Jose Sharks zone.
3:28 of 2nd period - Wrist shot by Brad Marchand.
3:28 of 2nd period - Stopped by Adin Hill with a rebound.
3:30 of 2nd period - Wrist shot by Matt Duchene.
3:30 of 2nd period - Stopped by Adin Hill with a rebound.
3:32 of 2nd period - Wrist shot by Brad Marchand.
3:32 of 2nd period - Shot Blocked by Joel Edmundson.
3:34 of 2nd period - Wrist shot by Brady Skjei.
3:34 of 2nd period - Stopped by Adin Hill without a rebound.
3:35 of 2nd period - Juraj Slafkovsky wins face-off versus Andrew Copp in San Jose Sharks zone.
3:40 of 2nd period - Wrist shot by Matt Duchene.
3:40 of 2nd period - Shot Misses the Net.
3:57 of 2nd period - Snap shot by Owen Power.
3:57 of 2nd period - Stopped by Adin Hill with a rebound.
3:59 of 2nd period - Snap shot by Matt Duchene.
3:59 of 2nd period - Shot Misses the Net.
4:01 of 2nd period - Snap shot by Brad Marchand.
4:01 of 2nd period - Stopped by Adin Hill without a rebound.
4:02 of 2nd period - Adam Henrique wins face-off versus Macklin Celebrini in San Jose Sharks zone.
4:07 of 2nd period - Josh Manson is hit by Owen Tippett and loses puck.
4:18 of 2nd period - Snap shot by Morgan Geekie.
4:18 of 2nd period - Stopped by Stuart Skinner with a rebound.
4:30 of 2nd period - Marcus Pettersson is hit by Evgeni Dadonov and loses puck.
5:00 of 2nd period - Snap shot by Max Domi.
5:00 of 2nd period - Stopped by Stuart Skinner with a rebound.
5:02 of 2nd period - Slapshot by Marcus Pettersson.
5:02 of 2nd period - Shot Blocked by Brady Skjei.
5:18 of 2nd period - Damon Severson is hit by Connor Murphy and loses puck.
5:28 of 2nd period - Icing by Arttu Hyry.
5:29 of 2nd period - Adam Henrique wins face-off versus Justin Hryckowian in Montreal Canadiens zone.
6:41 of 2nd period - Snap shot by Anthony Beauvillier.
6:41 of 2nd period - Stopped by Stuart Skinner without a rebound.
6:42 of 2nd period - Luke Glendening wins face-off versus Macklin Celebrini in Montreal Canadiens zone.
6:51 of 2nd period - Wrist shot by Ilya Mikheyev.
6:51 of 2nd period - Shot Blocked by Josh Manson.
6:53 of 2nd period - Wrist shot by Connor Murphy.
6:53 of 2nd period - Stopped by Stuart Skinner without a rebound.
6:54 of 2nd period - Adam Henrique wins face-off versus Macklin Celebrini in Montreal Canadiens zone.
7:20 of 2nd period - Minor Penalty to Brad Marchand for Tripping.
7:21 of 2nd period - Teddy Blueger wins face-off versus Alexander Wennberg in Montreal Canadiens zone.
7:55 of 2nd period - Wrist shot by Owen Tippett.
7:55 of 2nd period - Shot Misses the Net.
8:39 of 2nd period - Snap shot by Drew O'Connor.
8:39 of 2nd period - Stopped by Adin Hill without a rebound.
8:40 of 2nd period - Ilya Mikheyev wins face-off versus Teddy Blueger in San Jose Sharks zone.
9:16 of 2nd period - Damon Severson is hit by Alexander Wennberg.
9:20 of 2nd period - Penalty to Brad Marchand is over, Brad Marchand is back on ice.
9:37 of 2nd period - Off-side.
9:38 of 2nd period - Andrew Copp wins face-off versus Macklin Celebrini in neutral zone.
9:45 of 2nd period - Wrist shot by Max Domi.
9:45 of 2nd period - Goal by Max Domi - San Jose Sharks : 2 - Montreal Canadiens : 3.
9:46 of 2nd period - Macklin Celebrini wins face-off versus Adam Henrique in neutral zone.
10:22 of 2nd period - Wrist shot by Morgan Frost.
10:22 of 2nd period - Stopped by Stuart Skinner without a rebound.
10:23 of 2nd period - Matt Duchene wins face-off versus Adam Henrique in Montreal Canadiens zone.
10:23 of 2nd period - Matt Duchene is hit by Joel Edmundson.
10:31 of 2nd period - Snap shot by Owen Tippett.
10:31 of 2nd period - Shot Misses the Net.
10:37 of 2nd period - Snap shot by Brad Marchand.
10:37 of 2nd period - Goal by Brad Marchand - San Jose Sharks : 2 - Montreal Canadiens : 4.
10:38 of 2nd period - Macklin Celebrini wins face-off versus Morgan Frost in neutral zone.
10:45 of 2nd period - Slapshot by Martin Necas.
10:45 of 2nd period - Shot Misses the Net.
10:47 of 2nd period - Snap shot by Martin Necas.
10:47 of 2nd period - Stopped by Adin Hill with a rebound.
10:49 of 2nd period - Snap shot by Ryan Poehling.
10:49 of 2nd period - Shot Misses the Net.
10:51 of 2nd period - Snap shot by Ryan Poehling.
10:51 of 2nd period - Stopped by Adin Hill without a rebound.
10:52 of 2nd period - Adam Henrique wins face-off versus Matt Duchene in San Jose Sharks zone.
10:52 of 2nd period - Adam Henrique is hit by Juraj Slafkovsky.
11:04 of 2nd period - Slapshot by Morgan Geekie.
11:04 of 2nd period - Shot Hit the Post.
11:06 of 2nd period - Slapshot by Connor Murphy.
11:06 of 2nd period - Shot Blocked by Adam Fox.
11:24 of 2nd period - Wrist shot by Mattias Janmark.
11:24 of 2nd period - Shot Blocked by Macklin Celebrini.
11:26 of 2nd period - Wrist shot by Mattias Janmark.
11:26 of 2nd period - Shot Blocked by Ryan Poehling.
11:28 of 2nd period - Snap shot by Morgan Frost.
11:28 of 2nd period - Stopped by Stuart Skinner without a rebound.
11:29 of 2nd period - Andrew Copp wins face-off versus Teddy Blueger in Montreal Canadiens zone.
11:32 of 2nd period - Wrist shot by Max Domi.
11:32 of 2nd period - Shot Misses the Net.
12:54 of 2nd period - Macklin Celebrini is hit by Owen Tippett and loses puck.
13:30 of 2nd period - Off-side.
13:31 of 2nd period - Morgan Frost wins face-off versus Matt Duchene in neutral zone.
13:34 of 2nd period - Slapshot by Mattias Janmark.
13:34 of 2nd period - Stopped by Stuart Skinner without a rebound.
13:35 of 2nd period - Juraj Slafkovsky wins face-off versus Morgan Frost in Montreal Canadiens zone.
14:12 of 2nd period - Slapshot by Owen Power.
14:12 of 2nd period - Deflect By Drew O'Connor.
14:12 of 2nd period - Stopped by Adin Hill with a rebound.
14:31 of 2nd period - Slapshot by Morgan Geekie.
14:31 of 2nd period - Shot Misses the Net.
14:33 of 2nd period - Slapshot by Joel Edmundson.
14:33 of 2nd period - Shot Misses the Net.
14:43 of 2nd period - Marcus Pettersson is hit by Brady Skjei and loses puck.
14:53 of 2nd period - Minor Penalty to Oliver Ekman-Larsson for Hooking.
14:54 of 2nd period - Adam Henrique wins face-off versus Martin Necas in San Jose Sharks zone.
15:42 of 2nd period - Slapshot by Lane Hutson.
15:42 of 2nd period - Stopped by Adin Hill with a rebound.
16:53 of 2nd period - Penalty to Oliver Ekman-Larsson is over, Oliver Ekman-Larsson is back on ice.
17:04 of 2nd period - Backhand shot by Juraj Slafkovsky.
17:04 of 2nd period - Shot Blocked by Jake Middleton.
17:06 of 2nd period - Snap shot by Martin Necas.
17:06 of 2nd period - Deflect By Juraj Slafkovsky.
17:06 of 2nd period - Stopped by Adin Hill without a rebound.
17:07 of 2nd period - Teddy Blueger wins face-off versus Morgan Frost in San Jose Sharks zone.
17:08 of 2nd period - Snap shot by Patrik Laine.
17:08 of 2nd period - Stopped by Adin Hill with a rebound.
17:33 of 2nd period - Owen Power is hit by Luke Glendening and loses puck.
17:45 of 2nd period - Ilya Mikheyev is hit by Drew O'Connor and loses puck.
18:38 of 2nd period - Snap shot by Anthony Beauvillier.
18:38 of 2nd period - Shot Blocked by Owen Power.
18:58 of 2nd period - Slapshot by Max Domi.
18:58 of 2nd period - Shot Blocked by Owen Power.
19:08 of 2nd period - Owen Power is hit by Mattias Janmark and loses puck.
Goals for this period are 1 for San Jose Sharks vs 3 for Montreal Canadiens.
Shots for this period are 10 for San Jose Sharks vs 23 for Montreal Canadiens.

3rd period


0:01 of 3rd period - Adam Henrique wins face-off versus Macklin Celebrini in neutral zone.
1:10 of 3rd period - Slapshot by Max Domi.
1:10 of 3rd period - Stopped by Stuart Skinner with a rebound.
1:12 of 3rd period - Slapshot by Ilya Mikheyev.
1:12 of 3rd period - Deflect By Anthony Beauvillier.
1:12 of 3rd period - Shot Blocked by Arttu Hyry.
1:12 of 3rd period - Puck is out of play.
1:13 of 3rd period - Macklin Celebrini wins face-off versus Luke Glendening in Montreal Canadiens zone.
1:29 of 3rd period - Slapshot by Anthony Beauvillier.
1:29 of 3rd period - Stopped by Stuart Skinner with a rebound.
1:31 of 3rd period - Slapshot by Jake Middleton.
1:31 of 3rd period - Stopped by Stuart Skinner with a rebound.
1:33 of 3rd period - Slapshot by Jake Middleton.
1:33 of 3rd period - Stopped by Stuart Skinner with a rebound.
1:35 of 3rd period - Snap shot by Anthony Beauvillier.
1:35 of 3rd period - Shot Blocked by Brady Skjei.
1:37 of 3rd period - Slapshot by Connor Murphy.
1:37 of 3rd period - Stopped by Stuart Skinner with a rebound.
1:39 of 3rd period - Snap shot by Joel Edmundson.
1:39 of 3rd period - Shot Misses the Net.
1:41 of 3rd period - Wrist shot by Anthony Beauvillier.
1:41 of 3rd period - Shot Misses the Net.
1:43 of 3rd period - Snap shot by Connor Murphy.
1:43 of 3rd period - Deflect By Anthony Beauvillier.
1:43 of 3rd period - Stopped by Stuart Skinner with a rebound.
2:01 of 3rd period - Slapshot by Martin Necas.
2:01 of 3rd period - Deflect By Macklin Celebrini.
2:01 of 3rd period - Shot Misses the Net.
2:01 of 3rd period - Puck is out of play.
2:02 of 3rd period - Adam Henrique wins face-off versus Matt Duchene in San Jose Sharks zone.
2:36 of 3rd period - Off-side.
2:37 of 3rd period - Matt Duchene wins face-off versus Morgan Frost in neutral zone.
2:54 of 3rd period - Snap shot by Juraj Slafkovsky.
2:54 of 3rd period - Shot Misses the Net.
3:36 of 3rd period - Snap shot by Martin Necas.
3:36 of 3rd period - Deflect By Macklin Celebrini.
3:36 of 3rd period - Stopped by Adin Hill without a rebound.
3:37 of 3rd period - Adam Henrique wins face-off versus Brad Marchand in San Jose Sharks zone.
3:41 of 3rd period - Off-side.
3:42 of 3rd period - Matt Duchene wins face-off versus Adam Henrique in neutral zone.
3:54 of 3rd period - Off-side.
3:55 of 3rd period - Macklin Celebrini wins face-off versus Adam Henrique in neutral zone.
4:27 of 3rd period - Slapshot by Marcus Pettersson.
4:27 of 3rd period - Stopped by Stuart Skinner with a rebound.
4:29 of 3rd period - Slapshot by Max Domi.
4:29 of 3rd period - Stopped by Stuart Skinner with a rebound.
4:31 of 3rd period - Slapshot by Marcus Pettersson.
4:31 of 3rd period - Shot Misses the Net.
4:33 of 3rd period - Wrist shot by Andrew Copp.
4:33 of 3rd period - Shot Misses the Net.
4:49 of 3rd period - Wrist shot by Morgan Frost.
4:49 of 3rd period - Stopped by Stuart Skinner with a rebound.
4:51 of 3rd period - Wrist shot by Joel Edmundson.
4:51 of 3rd period - Shot Blocked by Patrik Laine.
4:53 of 3rd period - Slapshot by Connor Murphy.
4:53 of 3rd period - Stopped by Stuart Skinner without a rebound.
4:54 of 3rd period - Macklin Celebrini wins face-off versus Adam Henrique in Montreal Canadiens zone.
5:25 of 3rd period - Icing by Matt Duchene.
5:26 of 3rd period - Andrew Copp wins face-off versus Matt Duchene in Montreal Canadiens zone.
5:27 of 3rd period - Slapshot by Peyton Krebs.
5:27 of 3rd period - Shot Misses the Net.
5:36 of 3rd period - Off-side.
5:37 of 3rd period - Morgan Frost wins face-off versus Macklin Celebrini in neutral zone.
5:59 of 3rd period - Minor Penalty to Marcus Pettersson for Elbowing.
6:00 of 3rd period - Alexander Wennberg wins face-off versus Macklin Celebrini in San Jose Sharks zone.
7:10 of 3rd period - Adam Henrique is hit by Matt Duchene and loses puck.
7:59 of 3rd period - Penalty to Marcus Pettersson is over, Marcus Pettersson is back on ice.
8:06 of 3rd period - Off-side.
8:07 of 3rd period - Luke Glendening wins face-off versus Patrik Laine in neutral zone.
8:10 of 3rd period - Snap shot by Anthony Beauvillier.
8:10 of 3rd period - Shot Misses the Net.
8:32 of 3rd period - Wrist shot by Drew O'Connor.
8:32 of 3rd period - Stopped by Adin Hill with a rebound.
8:34 of 3rd period - Snap shot by Drew O'Connor.
8:34 of 3rd period - Shot Blocked by Mattias Samuelsson.
8:36 of 3rd period - Backhand shot by Arttu Hyry.
8:36 of 3rd period - Stopped by Adin Hill without a rebound.
8:37 of 3rd period - Justin Hryckowian wins face-off versus Andrew Copp in San Jose Sharks zone.
9:07 of 3rd period - Slapshot by Drew O'Connor.
9:07 of 3rd period - Shot Misses the Net.
9:09 of 3rd period - Wrist shot by Drew O'Connor.
9:09 of 3rd period - Stopped by Adin Hill with a rebound.
9:11 of 3rd period - Snap shot by Josh Manson.
9:11 of 3rd period - Shot Hit the Post.
9:13 of 3rd period - Snap shot by Arttu Hyry.
9:13 of 3rd period - Stopped by Adin Hill without a rebound.
9:14 of 3rd period - Macklin Celebrini wins face-off versus Adam Henrique in San Jose Sharks zone.
9:15 of 3rd period - Backhand shot by Martin Necas.
9:15 of 3rd period - Shot Blocked by Jake Middleton.
9:57 of 3rd period - Minor Penalty to Brad Marchand for Holding.
9:58 of 3rd period - Teddy Blueger wins face-off versus Adam Henrique in Montreal Canadiens zone.
9:58 of 3rd period - Teddy Blueger is hit by Marcus Pettersson.
10:31 of 3rd period - Snap shot by Connor Murphy.
10:31 of 3rd period - Deflect By Drew O'Connor.
10:31 of 3rd period - Goal by Connor Murphy - San Jose Sharks : 3 - Montreal Canadiens : 4.
10:32 of 3rd period - Martin Necas wins face-off versus Owen Tippett in neutral zone.
10:37 of 3rd period - Snap shot by Martin Necas.
10:37 of 3rd period - Goal by Martin Necas - San Jose Sharks : 3 - Montreal Canadiens : 5.
10:38 of 3rd period - Macklin Celebrini wins face-off versus Adam Henrique in neutral zone.
11:16 of 3rd period - Damon Severson is hit by Mattias Janmark and loses puck.
11:40 of 3rd period - Patrik Laine is hit by Max Domi and loses puck.
12:37 of 3rd period - Oliver Ekman-Larsson is hit by Drew O'Connor and loses puck.
12:47 of 3rd period - Off-side.
12:48 of 3rd period - Macklin Celebrini wins face-off versus Adam Henrique in neutral zone.
12:53 of 3rd period - Snap shot by Macklin Celebrini.
12:53 of 3rd period - Shot Blocked by Owen Tippett.
12:55 of 3rd period - Minor Penalty to Connor Murphy for Roughing.
12:56 of 3rd period - Macklin Celebrini wins face-off versus Alexander Wennberg in San Jose Sharks zone.
13:13 of 3rd period - Snap shot by Adam Henrique.
13:13 of 3rd period - Stopped by Stuart Skinner with a rebound.
13:19 of 3rd period - Owen Tippett is hit by Macklin Celebrini.
13:24 of 3rd period - Minor Penalty to Brady Skjei for Tripping.
13:25 of 3rd period - Adam Henrique wins face-off versus Macklin Celebrini in Montreal Canadiens zone.
13:34 of 3rd period - Wrist shot by Adam Henrique.
13:34 of 3rd period - Goal by Adam Henrique - San Jose Sharks : 4 - Montreal Canadiens : 5.
13:35 of 3rd period - Matt Duchene wins face-off versus Alexander Wennberg in neutral zone.
13:40 of 3rd period - Wrist shot by Morgan Geekie.
13:40 of 3rd period - Stopped by Stuart Skinner without a rebound.
13:41 of 3rd period - Alexander Wennberg wins face-off versus Matt Duchene in Montreal Canadiens zone.
14:55 of 3rd period - Penalty to Connor Murphy is over, Connor Murphy is back on ice.
15:05 of 3rd period - Wrist shot by Morgan Geekie.
15:05 of 3rd period - Stopped by Stuart Skinner with a rebound.
15:24 of 3rd period - Penalty to Brady Skjei is over, Brady Skjei is back on ice.
15:30 of 3rd period - Off-side.
15:31 of 3rd period - Andrew Copp wins face-off versus Matt Duchene in neutral zone.
15:36 of 3rd period - Wrist shot by Peyton Krebs.
15:36 of 3rd period - Shot Blocked by Lane Hutson.
15:38 of 3rd period - Wrist shot by Andrew Copp.
15:38 of 3rd period - Goal by Andrew Copp - San Jose Sharks : 5 - Montreal Canadiens : 5.
15:39 of 3rd period - Teddy Blueger wins face-off versus Andrew Copp in neutral zone.
16:04 of 3rd period - Anthony Beauvillier is hit by Arttu Hyry.
16:52 of 3rd period - Slapshot by Peyton Krebs.
16:52 of 3rd period - Stopped by Stuart Skinner with a rebound.
17:22 of 3rd period - Snap shot by Evgeni Dadonov.
17:22 of 3rd period - Stopped by Adin Hill with a rebound.
17:38 of 3rd period - Joel Edmundson is hit by Adam Fox and loses puck.
18:00 of 3rd period - Slapshot by Adam Fox.
18:00 of 3rd period - Shot Misses the Net.
18:39 of 3rd period - Snap shot by Teddy Blueger.
18:39 of 3rd period - Goal by Teddy Blueger - San Jose Sharks : 5 - Montreal Canadiens : 6.
18:40 of 3rd period - Andrew Copp wins face-off versus Teddy Blueger in neutral zone.
18:43 of 3rd period - San Jose Sharks, Adin Hill is pulled from the net.
19:05 of 3rd period - Ryan Poehling is hit by Marcus Pettersson and loses puck.
19:50 of 3rd period - Snap shot by Ryan Poehling.
19:50 of 3rd period - Shot Misses the Net.
19:52 of 3rd period - Snap shot by Brady Skjei.
19:52 of 3rd period - Shot Blocked by Morgan Geekie.
19:54 of 3rd period - Slapshot by Drew O'Connor.
19:54 of 3rd period - Goal by Drew O'Connor - San Jose Sharks : 5 - Montreal Canadiens : 7.
19:54 of 3rd period - Adin Hill from San Jose Sharks was sent back in the game.
19:55 of 3rd period - Adam Henrique wins face-off versus Macklin Celebrini in neutral zone.
Goals for this period are 3 for San Jose Sharks vs 3 for Montreal Canadiens.
Shots for this period are 17 for San Jose Sharks vs 9 for Montreal Canadiens.